cohdb
Replays
Latest Replays
All Replays
Popular Replays
Top Player Replays
Match Explorer
How It Works
Community
CoH3 Stats
Reddit
Sign in to upload your games and track your stats! →
Sign in with Steam
Match 31745028
Unlisted
Match 31745028
Overview
Messages
Build Orders
End
Kettenkrad Recon Vehicle
Construct Infanterie Kompanie
Sniper
Construct Panzergrenadier Kompanie
Selects Mechanized Battlegroup
Panzergrenadier Squad
MG 42 Machine Gun Team
Selects Raid Package
Support Elements
Nebelwerfer 42 Rocket Launcher Team
Nebelwerfer 42 Rocket Launcher Team
Construct Panzer Kompanie
Nebelwerfer 42 Rocket Launcher Team
Selects Raid Package
Selects StuG Assault Group
Selects UNKNOWN (2160084)
Selects Mobile Repair Stations
Microsoft Outlook
Microsoft Office Excel
Microsoft Office Word
C разбегу в рот
Grey24
HIXAZE
0
0
Comments
sign in to comment!
No comments posted yet!